 Dungeon Crawl Stone Soup version 0.29-a0-194-g6e3aafee17 (webtiles) character file.

Game seed: 8960548449058779562

107 dolemite99 the Bolt Thrower (level 4, 0/33 HPs)
             Began as a Hill Orc Hunter on Feb 23, 2022.
             Was a Follower of Hepliaklqana.
             Succumbed to a water moccasin's poison
             ... on level 5 of the Dungeon.
             The game lasted 00:03:56 (2027 turns).

dolemite99 the Bolt Thrower (Hill Orc Hunter)       Turns: 2027, Time: 00:03:57

Health: 0/33       AC: 10    Str: 14    XL:     4   Next: 86%
Magic:  4/4        EV:  9    Int: 11    God:    Hepliaklqana [*.....]
Gold:   53         SH:  0    Dex: 13    Spells: 3/3 levels left

rFire   . . .      SeeInvis .   a - +1 hand crossbow
rCold   . . .      Faith    .   (no shield)
rNeg    . . .      Spirit   .   d - +0 scale mail
rPois   .          Reflect  .   p - +1 helmet
rElec   .          Harm     .   (no cloak)
rCorr   .          Rampage  .   g - +1 pair of gloves
Will    .....                   (no boots)
Stlth   ..........              e - amulet of magic regeneration
HPRegen 0.11/turn               (no ring)
MPRegen 0.49/turn               (no ring)

@: lethally poisoned (0 -> 0), hasted, very quick
A: reduced essence
a: Renounce Religion, Recall Ancestor, Ancestor Identity


You were on level 5 of the Dungeon.
You worshipped Hepliaklqana.
Hepliaklqana was aware of your devotion.
You visited 1 branch of the dungeon, and saw 5 of its levels.

You collected 101 gold pieces.
You spent 48 gold pieces at shops.

Inventory:

Hand Weapons
 a - a +1 hand crossbow (weapon)
 n - a +1 dagger of draining
Missiles
 h - 38 stones (quivered)
Armour
 d - a +0 scale mail (worn)
 g - a +1 pair of gloves (worn)
 p - a +1 helmet (worn)
Jewellery
 e - an amulet of magic regeneration (around neck)
Scrolls
 c - 3 scrolls of teleportation
 i - a scroll of fog
 m - a scroll of silence


   Skills:
 - Level 2.4 Fighting
 + Level 5.5 Crossbows
 - Level 1.5 Dodging
 - Level 0.7 Stealth


You had 3 spell levels left.
You didn't know any spells.
Your spell library was empty.

Dungeon Overview and Level Annotations

Branches:
Dungeon (6/15)
 Temple: D:4-7

Altars:
Hepliaklqana

Shops:
D:1 :(??[   D:2 (*

Annotations:
D:3 1 runed translucent door, snackwell's ghost, amateur DsCA


Message History

You shoot a bolt. The bolt hits the water moccasin.
The water moccasin is severely wounded.
* * * LOW HITPOINT WARNING * * *
You feel sick. The water moccasin closely misses you.
Shoot: a) +1 hand crossbow
Press: ? - help, Shift-Dir - straight line, f/p - water moccasin
Aim: a water moccasin (severely wounded)
You shoot a bolt. The bolt hits the water moccasin!
The water moccasin is almost dead.
You feel sick. The water moccasin misses you. The water moccasin bites you.
* * * LOW HITPOINT WARNING * * *
Shoot: a) +1 hand crossbow
Press: ? - help, Shift-Dir - straight line, f/p - water moccasin
Aim: a water moccasin (almost dead)
You shoot a bolt.
The bolt hits the water moccasin but does no damage.
The water moccasin is almost dead.
* * * LOW HITPOINT WARNING * * *
You feel sick.
The water moccasin bites you but does no damage.
Shoot: a) +1 hand crossbow
Press: ? - help, Shift-Dir - straight line, f/p - water moccasin
Aim: a water moccasin (almost dead)
You shoot a bolt.
The bolt closely misses the water moccasin.
* * * LOW HITPOINT WARNING * * *
You feel sick.
The water moccasin bites you but does no damage.
An orc wizard comes into view. It is wielding a +0 dagger.
You feel as though your hastened speed will last longer.
* * * LOW HITPOINT WARNING * * *
You feel sick.
The orc wizard shouts!
The water moccasin closely misses you.
Shoot: a) +1 hand crossbow
Press: ? - help, Shift-Dir - straight line, f/p - water moccasin
Aim: a water moccasin (almost dead)
You shoot a bolt. The bolt hits the water moccasin.
You kill the water moccasin!
You die...

........
........ #
.....)) ..
#....# ...
##....## o...
#......# ...#
#....†.#)o..##
#....@>'......
#......#......
##....#.......
######.....##
.###+# .. ..
...


You could see an orc wizard.

Vanquished Creatures
  A water moccasin (D:5)
  A centaur zombie (D:6)
  Robin (D:2)
  5 orcs
  4 endoplasms
  2 giant cockroaches
  6 goblins
  8 hobgoblins
  2 kobolds
  3 quokkas (D:1)
  4 ball pythons
  3 bats (D:1)
  4 rats
  A spectral goblin (D:1)
45 creatures vanquished.

Vanquished Creatures (collateral kills)
  An orc (D:3)
  A hobgoblin (D:1)
  A ball python (D:1)
  3 goblins (D:3)
  A kobold (D:2)
  2 rats (D:1)
9 creatures vanquished.

Vanquished Creatures (others)
  4 ancestors
4 creatures vanquished.

Grand Total: 58 creatures vanquished

Notes
Turn   | Place    | Note
-------+----------+-------------------------------------------
     0 | D:1      | dolemite99 the Hill Orc Hunter began the quest for the Orb.
     0 | D:1      | Reached XP level 1. HP: 18/18 MP: 1/1
   157 | D:1      | Found Faog Dio's Weapon Shoppe.
   188 | D:1      | Found Tevvi's Book Shop.
   257 | D:1      | Found Nufaodue's Magic Scroll Boutique.
   272 | D:1      | Reached skill level 4 in Crossbows
   272 | D:1      | Reached XP level 2. HP: 25/25 MP: 2/2
   279 | D:1      | Bought a scroll of identify for 20 gold pieces
   558 | D:1      | Found a faded altar of an unknown god.
   567 | D:1      | Prayed at the altar of an unknown god.
   567 | D:1      | Became a worshipper of Hepliaklqana the Forgotten
   567 | D:1      | Reached * piety under Hepliaklqana
   726 | D:1      | Found Gidomo's Magic Scroll Emporium.
   747 | D:1      | Found Zaqaett's Antique Armour Shop.
   950 | D:2      | Reached XP level 3. HP: 27/27 MP: 3/3
  1027 | D:2      | Found Ikku's Assorted Antiques.
  1036 | D:2      | Bought a scroll labelled CUILU COOSCHERU for 28 gold pieces
  1201 | D:2      | Found Semor's Antique Weapon Shoppe.
  1604 | D:3      | Noticed Robin
  1745 | D:2      | Killed Robin
  1746 | D:2      | Reached skill level 5 in Crossbows
  1746 | D:2      | Reached XP level 4. HP: 28/33 MP: 4/4
  1950 | D:3      | Found a runed translucent door.
  1950 | D:3      | Noticed snackwell's ghost (amateur DsCA)
  1961 | D:3      | You fall into a shaft and drop 3 floors!
  2004 | D:5      | Entered Level 5 of the Dungeon
  2012 | D:5      | Noticed a water moccasin
  2026 | D:5      | HP: 1/33 [poisoned by a water moccasin]
  2027 | D:5      | Killed a water moccasin
  2027 | D:5      | Succumbed to a water moccasin's poison

Illustrated notes

Levels and vault maps discovered:
D:1:      dpeg_arrival_circle_labyrinth_c, layout_rooms, serial_shops,
          nicolae_shop_temple_entry_statues_fountains, shop,
          nicolae_shop_crystal, shop_fountains, nicolae_lakefront_shop,
          dreamdust_ecumenical_altar_drowned_temple, amcnicky_mini_pool_small
D:2:      layout_basic, serial_shops, nicolae_square_shop,
          nicolae_shop_advertising_works [nicolae_subvault_shop_adworks]
D:3:      layout_rooms, mainiacjoe_overflow_tiny_flanked, gammafunk_ghost_grave,
          uniq_terence, uniq_robin
D:5:      layout_gridville, serial_shops, shop, nicolae_lakefront_shop,
          nicolae_shop_statue_plus, nicolae_shop_overgrown_old_shop,
          uniq_sigmund
D:6:      layout_basic, mainiacjoe_overflow_24_doors,
          kennysheep_generic_room_14, uniq_menkaure

Skill      XL: |  1  2  3 |
---------------+----------+-----
Crossbows      | 4 5 |  5.5
Fighting       | |  2.4
Dodging        | |  1.5
Stealth        | |  0.7

Action                   |  1- 3 |  4- 6 || total
-------------------------+-------+-------++-------
 Fire: Hand crossbow     |    98 |    35 ||   133
  Use: Scroll            |     3 |     4 ||     7
       Potion            |       |     2 ||     2
Armor: Ring mail         |    13 |       ||    13
       Scale mail        |    15 |    26 ||    41
Dodge: Dodged            |    27 |    22 ||    49

Table legend: (Time is in decaauts)
 A = Elapsed time spent in this place.
 B = Non-inter-level travel time spent in this place.
 C = Inter-level travel time spent in this place.
 D = Time resting spent in this place.
 E = Time spent auto-exploring this place.
 F = Levels seen in this place.
 G = Mean time per level.
                   A        B        C        D        E       F      G
               +--------+--------+--------+--------+--------+-----+--------+
         Total |   2098 |   1800 |    298 |    307 |   1024 |   5 |  419.6 |
       Dungeon |   2098 |   1800 |    298 |    307 |   1024 |   5 |  419.6 |
               +--------+--------+--------+--------+--------+-----+--------+

Top non-repeatable levels by time:
     D:1: 978 daAuts
     D:2: 947 daAuts
     D:3: 99 daAuts
     D:6: 46 daAuts
     D:5: 25 daAuts
